 Dungeon Crawl Stone Soup version 0.25-a0-190-g27fffb8c76 (webtiles) character file.

Game seed: 11950048357964875104, levelgen mode: deterministic

12104 CloudEater the Geomancer (level 11, -5/64 HPs)
             Began as a Gargoyle Earth Elementalist on Nov 26, 2019.
             Was a Believer of Vehumet.
             Slain by Frances
             ... wielding a +4 long sword of protection
              (8 damage)
             ... on level 13 of the Dungeon on Nov 30, 2019.
             The game lasted 00:51:13 (11615 turns).

CloudEater the Geomancer (GrEE)                    Turns: 11615, Time: 00:51:13

Health: -5/64      AC: 14    Str: 22    XL:     11   Next: 88%
Magic:  17/22      EV: 14    Int: 18    God:    Vehumet [**....]
Gold:   725        SH:  0    Dex: 10    Spells: 16/25 levels left

rFire    . . .     SeeInvis .   a - +4 dagger
rCold    + . .     Gourm    .   (no shield)
rNeg     + . .     Faith    .   h - +2 robe {rC+}
rPois    ∞         Spirit   .   e - +0 helmet
rElec    +         Reflect  .   (no cloak)
rCorr    .         Harm     .   (no gloves)
MR       .....                  (no boots)
Stlth    ++........             G - amulet of regeneration
HPRegen  0.60/turn              r - +4 ring of strength
MPRegen  0.18/turn              (no ring)

@: mighty, hasted, very quick
A: claws 1, negative energy resistance 1, shaggy fur 1, electricity resistance,
unbreathing, petrification resistance, rot immunity, AC +8
a: Renounce Religion


You were on level 13 of the Dungeon.
You worshipped Vehumet.
Vehumet was pleased with you.
You were hungry.

You visited 2 branches of the dungeon, and saw 14 of its levels.

You collected 725 gold pieces.

Inventory:

Hand Weapons
 a - a +4 dagger (weapon)
 l - a +0 flail of protection
 n - a +0 flail of holy wrath
 t - a +1 flail of crushing
Missiles
 b - 22 stones (quivered)
 o - a throwing net
Armour
 e - a +0 helmet (worn)
 h - a +2 robe of cold resistance (worn)
Jewellery
 f - an uncursed ring of ice
 r - a +4 ring of strength (left claw)
 E - an uncursed ring of ice
 G - an amulet of regeneration (around neck)
Wands
 m - a wand of disintegration (13)
 q - a wand of polymorph (10)
 v - a wand of flame (29)
 w - a wand of random effects (18)
 y - a wand of paralysis (5)
 B - a wand of digging (3)
 F - a wand of iceblast (12)
Scrolls
 i - 2 scrolls of amnesia
 s - 6 scrolls of remove curse
 x - 2 scrolls of enchant weapon
 H - 7 scrolls of identify
 I - a scroll of fog
Potions
 c - a potion of mutation
 g - 3 potions of lignification
 k - 3 potions of cancellation
 p - a potion of berserk rage
 u - a potion of brilliance
 z - a potion of resistance
 A - a potion of flight
Comestibles
 d - 18 rations
 j - 11 chunks of flesh


   Skills:
 + Level 6.2 Fighting
 + Level 5.8 Maces & Flails
 - Level 6.0 Armour
 + Level 5.1 Dodging
 - Level 2.1 Stealth
 + Level 7.5 Spellcasting
 + Level 8.0 Conjurations
   Level 0.7 Transmutations
 + Level 10.1 Earth Magic
 + Level 5.2 Evocations


You had 16 spell levels left.
You knew the following spells:

 Your Spells              Type           Power        Failure   Level  Hunger
a - Sandblast             Erth           #####.       1%          1    None
b - Stone Arrow           Conj/Erth      #####.       1%          3    #......
c - Lee's Rapid Deconstr  Erth           #####.....   4%          5    #####..

Your spell library contained the following spells:

 Spells                   Type           Power        Failure   Level  Hunger
 Dazzling Spray           Conj/Hex       ###...       6%          3    #......
 Passwall                 Tmut/Erth      ####....     1%          2    None
 Petrify                  Tmut/Erth      ####....     11%         4    ###....


Dungeon Overview and Level Annotations

Branches:
Dungeon (12/15)            Temple (1/1) D:7            Lair (0/6) D:8
    Orc (0/2) D:11

Altars:
Ashenzari
Cheibriados
Dithmenos
Gozag
Hepliaklqana
Kikubaaqudgha
Makhleb
Okawaru
Qazlal
Ru
Sif Muna
Trog
Uskayaw
Vehumet
Wu Jian
Yredelemnul

Annotations:
D:5 3 runed translucent doors, confidenceinterval's ghost, novice DsMo
D:12 Snorg
D:13 Frances


Innate Abilities, Weirdness & Mutations

You are resistant to torment.
Your stone body is resilient. (AC +8)
You are immune to poison.
You resist negative energy. (rN+)
You are resistant to electric shocks. (rElec)
You can survive without breathing.
You are immune to petrification.
You are immune to rotting.
You have sharp fingernails.
You are covered in fur. (AC +1)


Message History

b - 23 stones Something hits you but does no damage.
Something hits you!
* * * LOW HITPOINT WARNING * * *
Frances misses you.
Unknown command.
Unknown command.
Casting: Sandblast (safe; 1% risk of failure)
Confirm with . or Enter, or press ? or * to list all spells.
Aiming: Sandblast (safe; 1% risk of failure)
Press: ? - help, Shift-Dir - straight line, f/p - Frances
Aim: Frances, wielding a +4 long sword of protection and wearing a +1 ring mail of cold resistance (moderately wounded, unusually agile)
The blast of sand hits Frances!
Frances is moderately wounded.
b - 22 stones Something hits you but does no damage. x2; The hellwing hits you.
* * * LOW HITPOINT WARNING * * *
The hellwing misses you.
Frances says, "I value strength and power.
I see none of this in you."
Frances hits you with a +4 long sword of protection!
You die...

.############
............#
..?....@4...+
.......{@...#
.############


You could see Frances and a hellwing.

Vanquished Creatures
  Josephine (D:10)
  A hydra (D:9)
  Fannar (D:10)
  A two-headed ogre (D:11)
  An ugly thing (D:11)
  Joseph (D:7)
  2 centaur skeletons (D:11)
  4 trolls
  A hippogriff (D:10)
  A spriggan (D:7)
  6 wraiths
  2 wyverns
  3 yaks (D:11)
  A hungry ghost (D:12)
  Menkaure (D:6)
  Edmund (D:6)
  An insubstantial wisp (D:12)
  2 acid dragons
  A soldier ant (D:10)
  A water moccasin (D:8)
  3 ice beasts
  3 sky beasts
  An eye of draining (D:11)
  7 ogres
  4 phantoms
  5 centaurs
  Blork the orc (D:6)
  2 big kobolds (D:10)
  4 bullfrogs
  A wyvern zombie (D:10)
  A water moccasin zombie (D:8)
  4 scorpions
  A howler monkey (D:4)
  5 crimson imps
  2 centaur zombies (D:6)
  5 orc priests
  5 hounds
  2 bullfrog skeletons
  3 jellies
  A gnoll shaman (D:6)
  8 orc wizards
  Terence (D:3)
  4 iguanas
  9 worker ants
  2 hound zombies
  A howler monkey zombie (D:8)
  14 gnolls
  A howler monkey skeleton (D:7)
  10 adders
  A shadow imp (D:7)
  An ooze (D:5)
  An adder zombie (D:5)
  An adder skeleton (D:7)
  4 worms (D:2)
  6 leopard geckos
  35 orcs
  8 bats
  7 giant cockroaches
  7 goblins
  4 hobgoblins
  6 jackals
  9 kobolds
  4 quokkas
  4 frilled lizards
  A giant cockroach zombie (D:6)
  A jackal skeleton (D:4)
  2 leopard gecko skeletons
  A quokka skeleton (D:5)
  8 rats
254 creatures vanquished.

Notes
Turn   | Place    | Note
-------+----------+-------------------------------------------
     0 | D:1      | CloudEater the Gargoyle Earth Elementalist began the quest
                  | for the Orb.
     0 | D:1      | Reached XP level 1. HP: 10/10 MP: 3/3
   185 | D:1      | Reached XP level 2. HP: 9/15 MP: 5/5
   203 | D:1      | Reached skill level 4 in Earth Magic
   990 | D:2      | Reached XP level 3. HP: 19/19 MP: 1/7
   995 | D:2      | Learned a level 3 spell: Stone Arrow
  1452 | D:2      | Reached skill level 1 in Conjurations
  1641 | D:2      | Reached XP level 4. HP: 21/24 MP: 0/8
  1953 | D:3      | Noticed an ogre
  1960 | D:3      | Killed an ogre
  1960 | D:3      | Reached skill level 5 in Earth Magic
  1960 | D:3      | Reached XP level 5. HP: 28/28 MP: 2/10
  2090 | D:3      | Noticed Terence
  2107 | D:3      | Killed Terence
  2700 | D:4      | Reached XP level 6. HP: 31/32 MP: 8/11
  2718 | D:4      | Learned a level 5 spell: Lee's Rapid Deconstruction
  2886 | D:4      | Reached skill level 6 in Earth Magic
  3286 | D:4      | Reached XP level 7. HP: 36/36 MP: 6/13
  3584 | D:5      | Entered Level 5 of the Dungeon
  3702 | D:5      | Reached skill level 7 in Earth Magic
  3767 | D:5      | Reached skill level 5 in Spellcasting
  3875 | D:5      | Reached XP level 8. HP: 39/41 MP: 15/15
  3919 | D:5      | Found a burning altar of Makhleb.
  4444 | D:5      | Found a runed translucent gate.
  4444 | D:5      | Found a runed translucent gate.
  4444 | D:5      | Found a runed translucent gate.
  4445 | D:5      | Noticed confidenceinterval's ghost (novice DsMo)
  4450 | D:5      | Reached skill level 1 in Fighting
  4450 | D:5      | Reached skill level 1 in Maces & Flails
  4450 | D:5      | Reached skill level 1 in Armour
  4450 | D:5      | Reached skill level 5 in Conjurations
  4672 | D:5      | Reached skill level 1 in Evocations
  4942 | D:6      | Noticed Blork the orc
  4946 | D:6      | Killed Blork the orc
  5045 | D:6      | Gained mutation: You are covered in fur. (AC +1) [potion of
                  | mutation]
  5045 | D:6      | Gained mutation: You have sharp fingernails. [potion of
                  | mutation]
  5047 | D:6      | HP: 1/44 [orc warrior/cursed +0 trident (6)]
  5397 | D:5      | Upgraded the game from 0.25-a0-177-gd145f35b4e to
                  | 0.25-a0-190-g27fffb8c76
  5609 | D:6      | Noticed Menkaure
  5614 | D:6      | Killed Menkaure
  5679 | D:6      | Reached XP level 9. HP: 43/49 MP: 13/17
  6095 | D:6      | Noticed Edmund
  6101 | D:6      | Killed Edmund
  6101 | D:6      | Reached skill level 8 in Earth Magic
  6232 | D:6      | Found a sacrificial altar of Ru.
  6383 | D:7      | Noticed Joseph
  6617 | D:7      | Killed Joseph
  7123 | D:7      | Found a staircase to the Ecumenical Temple.
  7135 | Temple   | Entered the Ecumenical Temple
  7155 | Temple   | Became a worshipper of Vehumet
  7297 | D:8      | Reached XP level 10. HP: 35/56 MP: 6/19
  7425 | D:8      | Found a staircase to the Lair.
  7527 | D:8      | Found a shattered altar of Ashenzari.
  8341 | D:9      | Reached * piety under Vehumet
  8341 | D:9      | Offered knowledge of Freeze by Vehumet.
  8365 | D:9      | Found an opulent altar of Gozag.
  8533 | D:9      | Noticed a seven-headed hydra
  8537 | D:9      | Killed a seven-headed hydra
  8803 | D:9      | Reached skill level 9 in Earth Magic
  9325 | D:10     | Entered Level 10 of the Dungeon
  9555 | D:10     | Reached skill level 5 in Armour
  9584 | D:10     | Reached skill level 5 in Fighting
  9646 | D:10     | Offered knowledge of Throw Flame by Vehumet.
  9711 | D:10     | Reached ** piety under Vehumet
  9767 | D:10     | Noticed Josephine
  9779 | D:10     | Reached XP level 11. HP: 32/63 MP: 4/21
  9783 | D:10     | Killed Josephine
  9783 | D:10     | Reached skill level 5 in Maces & Flails
 10118 | D:10     | Noticed Fannar
 10172 | D:10     | Killed Fannar
 10527 | D:11     | Found a staircase to the Orcish Mines.
 10905 | D:11     | Noticed a two-headed ogre
 10917 | D:11     | Killed a two-headed ogre
 11147 | D:11     | Offered knowledge of Dazzling Spray by Vehumet.
 11147 | D:11     | Reached skill level 5 in Dodging
 11147 | D:11     | Reached skill level 10 in Earth Magic
 11147 | D:11     | Reached skill level 5 in Evocations
 11181 | D:11     | Noticed a white ugly thing
 11189 | D:11     | Killed a white ugly thing
 11594 | D:12     | Noticed Snorg
 11594 | D:12     | Noticed a two-headed ogre
 11600 | D:12     | Noticed a red ugly thing
 11601 | D:12     | You fall into a shaft and drop 1 floor!
 11602 | D:13     | Noticed Frances
 11615 | D:13     | HP: 3/64 [hellwing[Frances] (4)]
 11615 | D:13     | Slain by Frances

Levels and vault maps discovered:
D:1:      matt_arrival_grand_opening, layout_basic, serial_park_tiny_pond,
          corexii_corridor_pit
D:2:      layout_loops_cross, first_ration, hangedman_decor_lopped,
          serial_park_tiny_1, glass_columns_a
D:3:      layout_loops_ring, uniq_terence
D:4:      layout_loops_ring
D:5:      layout_basic, ebering_ghost_rock_garden, bloody_makhleb
D:6:      layout_basic, nicolae_ru_path_of_blood, uniq_menkaure, uniq_edmund,
          uniq_blork_the_orc
D:7:      layout_cave_pools, temple_hall, the_bakery, uniq_joseph
D:8:      layout_basic, old_standard_altar, dpeg_oklobed_lair
D:9:      layout_grid_maze, basic_altar
D:10:     layout_basic, due_unseen_surprise, uniq_fannar, uniq_josephine
D:11:     layout_loops_cross, orc_0_dummy, minmay_misc_feat_ornament
D:12:     layout_roguey, gauntlet_entry_generic, hangedman_misty_isle,
          uniq_nergalle, uniq_snorg, uniq_azrael
D:13:     layout_basic, ximxim_vaults_locker_room, enter_trove_5,
          lemuel_blue_sif_altar, uniq_frances
Temple:   grunt_wide_crystal_templ

Skill      XL: |  1  2  3  4  5  6  7  8  9 10 11 |
---------------+----------------------------------+-----
Earth Magic    | 4 5 6 7 8 9 10 | 10.1
Conjurations   | 1 2 3 4 5 6 7 8 |  8.0
Spellcasting   | 3 4 5 6 7 |  7.5
Fighting       | 2 3 5 6 |  6.2
Maces & Flails | 2 3 4 5 |  5.8
Armour         | 2 4 5 6 |  6.0
Evocations     | 1 3 4 5 |  5.2
Dodging        | 2 3 4 5 |  5.1
Stealth        | |  2.1
Transmutations | |  0.7

Action                   |  1- 3 |  4- 6 |  7- 9 | 10-12 || total
-------------------------+-------+-------+-------+-------++-------
Melee: Unarmed           |    47 |       |       |       ||    47
       Dagger            |    60 |   105 |   218 |   270 ||   653
 Cast: Sandblast         |    32 |    17 |    94 |   174 ||   317
       Stone Arrow       |       |     2 |     6 |    28 ||    36
       Lee's Rapid Decon |       |     1 |    12 |    15 ||    28
Evoke: Wand              |       |       |     3 |     5 ||     8
  Use: Scroll            |     4 |     6 |     4 |     6 ||    20
       Potion            |     1 |     1 |     4 |     8 ||    14
 Stab: Sleeping          |       |     2 |     3 |     1 ||     6
       Distracted        |       |     1 |       |       ||     1
  Eat: Chunk             |     2 |     6 |    17 |    16 ||    41
       Ration            |       |       |       |     1 ||     1
Armor: Robe              |    60 |    31 |    95 |   174 ||   360
       Skin              |       |       |       |    11 ||    11
Dodge: Dodged            |    95 |    74 |   154 |   259 ||   582

Table legend:
 A = Non-vault XP
 B = Vault XP
 C = Vault XP percentage of total XP
 D = Non-vault monster count
 E = Vault monster count
 F = Vault count percentage of total count
                 A         B        C        D         E       F
            +---------+---------+-------+---------+---------+-------
      Total |   13008 |    4284 |  24.8 |     240 |      14 |   5.5
            +---------+---------+-------+---------+---------+-------
        D:1 |      31 |       0 |   0.0 |      20 |       0 |   0.0
        D:2 |      52 |       0 |   0.0 |      17 |       0 |   0.0
        D:3 |     173 |      36 |  17.2 |      18 |       1 |   5.3
        D:4 |     491 |       0 |   0.0 |      13 |       0 |   0.0
        D:5 |     808 |       0 |   0.0 |      26 |       0 |   0.0
        D:6 |    1192 |     443 |  27.1 |      30 |       3 |   9.1
        D:7 |     570 |     686 |  54.6 |      15 |       2 |  11.8
        D:8 |    1076 |       0 |   0.0 |      21 |       0 |   0.0
        D:9 |    1942 |       0 |   0.0 |      27 |       0 |   0.0
       D:10 |    1803 |    2820 |  61.0 |      22 |       6 |  21.4
       D:11 |    4471 |       0 |   0.0 |      25 |       0 |   0.0
       D:12 |     399 |     299 |  42.8 |       6 |       2 |  25.0
            +---------+---------+-------+---------+---------+-------
